 Dungeon Crawl Stone Soup version 0.20.0-14-g326068f (webtiles) character file.

2949 theemperora the Skirmisher (level 9, -4/59 HPs)
             Began as a Gargoyle Gladiator on June 8, 2017.
             Was a Believer of the Shining One.
             Slain by a yak (6 damage)
             ... on level 9 of the Dungeon.
             The game lasted 00:48:55 (7826 turns).

theemperora the Skirmisher (Gargoyle Gladiator)     Turns: 7826, Time: 00:48:55

Health: -4/59      AC: 11    Str: 19    XL:     9   Next: 81%
Magic:  9/9        EV: 15    Int:  9    God:    the Shining One [**....]
Gold:   435        SH:  0    Dex: 13    Spells: 8/8 levels left

rFire    x . .     SeeInvis .   a - +1 quarterstaff
rCold    + . .     Gourm    .   (shield currently unavailable)
rNeg     + + .     Faith    .   n - +1 leather armour
rPois    ∞         Spirit   .   c - +0 helmet
rElec    +         Reflect  .   (no cloak)
rCorr    .         Harm     .   (no gloves)
MR       .....     Rnd*Tele +   (no boots)
Stlth    +.........             C - amulet of regeneration
Regen    0.6/turn               h - ring of ice
MPRegen  0.2/turn               V - ring of teleportation (curse)

@: glowing
A: negative energy resistance 1, electricity resistance, unbreathing,
petrification resistance, rot immunity, AC +5
a: Divine Shield, Renounce Religion


You were on level 9 of the Dungeon.
You worshipped the Shining One.
The Shining One was pleased with you.
You were not hungry.

You visited 2 branches of the dungeon, and saw 10 of its levels.

You collected 435 gold pieces.

Inventory:

Hand Weapons
 a - a +1 quarterstaff (weapon)
 e - a cursed +1 mace
 o - a +0 shortbow
 v - a +0 club
 w - a +0 hunting sling
 L - a +1 whip of flaming
 N - a +0 giant spiked club
 T - a +0 hand axe of flaming
Missiles
 d - 4 throwing nets (quivered)
 j - 221 stones
 A - 99 arrows
 U - 48 sling bullets
Armour
 b - a +0 leather armour
 c - a +0 helmet (worn)
 m - a +0 leather armour
 n - a +1 leather armour (worn)
 p - a +0 leather armour
 t - a +0 ring mail
 x - a +0 chain mail
 F - a +0 robe
 I - a +0 robe
 M - a +0 robe
Jewellery
 h - a ring of ice (left hand)
 r - a +1 ring of slaying {unknown}
 y - an uncursed ring of flight
 C - an amulet of regeneration (around neck)
 E - an uncursed ring of flight
 V - a cursed ring of teleportation (right hand)
Wands
 i - a wand of flame (27/48) {a}
 J - a wand of enslavement (11/24)
 O - a wand of scattershot (5/9)
 S - a wand of disintegration (3/24)
 W - a wand of random effects (25/48)
Scrolls
 g - 2 scrolls of fog {unknown}
 s - a scroll of blinking
 G - 2 scrolls of identify
 H - 9 scrolls of remove curse
 P - 4 scrolls of teleportation
Potions
 q - 2 potions of degeneration {unknown}
 u - a potion of invisibility
 B - a potion of magic {unknown}
 D - 3 potions of might {unknown}
 K - a potion of resistance {unknown}
 Q - a potion of ambrosia {unknown}
 R - a potion of haste {unknown}
 X - 2 potions of lignification {unknown}
 Z - a potion of curing {unknown}
Comestibles
 f - 2 bread rations
 k - a meat ration
 l - 4 fruits
 z - a royal jelly


   Skills:
 + Level 7.9 Fighting
 * Level 5.5(6.0) Maces & Flails
 - Level 3.5(5.0) Staves
 - Level 1.7 Throwing
 + Level 6.0 Armour
 + Level 6.9 Dodging


You had 8 spell levels left.
You didn't know any spells.

Dungeon Overview and Level Annotations

Branches:
Dungeon (9/15)             Temple (1/1) D:6
   Lair: D:8-11         Orc: D:9-12

Altars:
Ashenzari
Cheibriados
Dithmenos
Elyvilon
Fedhas
Gozag
Hepliaklqana
Makhleb
Nemelex Xobeh
Qazlal
Ru
Sif Muna
Vehumet
Xom
Yredelemnul
Zin
The Shining One

Shops:
D:4 (


Innate Abilities, Weirdness & Mutations

You are resistant to torment.
Your stone body is resilient. (AC +5)
You are immune to poison.
You resist negative energy. (rN+)
You are resistant to electric shocks. (rElec)
You can survive without breathing.
You are immune to petrification.
You are immune to rotting.


Message History

The yak snorts and paws the ground.
The yak gores you but does no damage. The yak misses you.
The yak gores you but does no damage.
You sock the yak!
The yak is moderately wounded.
The yak gores you. The yak gores you! The yak gores you.
The yak closely misses you. The yak gores you.
You hit the yak but do no damage.
The yak is moderately wounded.
The yak gores you! x2
* * * LOW HITPOINT WARNING * * *
The yak barely misses you. x2; The yak gores you but does no damage.
You thump the yak!
The yak is heavily wounded.
The yak closely misses you.
The yak misses you. x3; The yak gores you!
* * * LOW HITPOINT WARNING * * *
You barely miss the yak.
The yak is heavily wounded.
The yak gores you but does no damage. The yak gores you.
You die...

#.< #.###
##...## #.....#
##.....##
#.......##
##..YY....##
#...@YY....#
#...YY.....#
.....###......#
##...# #######
###.# ###


You could see 6 yaks.

Vanquished Creatures
  Pikel (D:4)
  A troll (D:8)
  2 ice beasts
  A necrophage (D:8)
  3 ogres
  A centaur (D:7)
  2 bullfrogs (D:7)
  A water moccasin zombie (D:4)
  A scorpion (D:7)
  7 wights
  4 howler monkeys
  2 electric eels (D:7)
  2 crimson imps
  A quasit (D:7)
  A jelly (D:7)
  5 orc wizards
  4 orc priests (D:7)
  4 hounds
  6 worker ants
  A hound zombie (D:5)
  A howler monkey zombie (D:7)
  7 adders
  7 gnolls (D:5)
  A howler monkey skeleton (D:8)
  3 shadow imps
  2 oozes
  A worm (D:2)
  7 leopard geckos
  10 orcs
  A ball python (D:2)
  5 giant cockroaches
  5 goblins
  10 hobgoblins
  3 jackals (D:4)
  8 kobolds
  A quokka (D:7)
  A ball python skeleton (D:4)
  9 bats
  A frilled lizard (D:2)
  A quokka zombie (D:4)
  4 rats
138 creatures vanquished.

Vanquished Creatures (others)
  An orc (D:7)
1 creature vanquished.

Grand Total: 139 creatures vanquished

Notes
Turn   | Place    | Note
-------+----------+-------------------------------------------
     0 | D:1      | theemperora the Gargoyle Gladiator began the quest for the Orb.
     0 | D:1      | Reached XP level 1. HP: 12/12 MP: 1/1
   249 | D:1      | Reached XP level 2. HP: 7/17 MP: 2/2
  1005 | D:1      | Reached XP level 3. HP: 20/21 MP: 3/3
  1545 | D:2      | Reached skill level 1 in Armour
  1969 | D:2      | Reached XP level 4. HP: 21/27 MP: 4/4
  2427 | D:2      | Found a glowing golden altar of the Shining One.
  2429 | D:2      | Found a radiant altar of Vehumet.
  2470 | D:2      | Became a worshipper of the Shining One
  2808 | D:4      | Reached skill level 3 in Fighting
  2808 | D:4      | Reached skill level 1 in Maces & Flails
  2808 | D:4      | Reached XP level 5. HP: 32/32 MP: 5/5
  2905 | D:4      | Found an opulent altar of Gozag.
  3140 | D:4      | Reached XP level 6. HP: 36/37 MP: 6/6
  3152 | D:4      | Found Aresayl's Weapon Boutique.
  3190 | D:4      | Noticed a slave
  3190 | D:4      | Noticed a slave
  3192 | D:4      | Noticed Pikel
  3192 | D:4      | Noticed a slave
  3192 | D:4      | Noticed a slave
  3217 | D:4      | Killed Pikel
  3217 | D:4      | Reached skill level 4 in Fighting
  3217 | D:4      | Reached XP level 7. HP: 22/44 MP: 7/7
  3592 | D:5      | Entered Level 5 of the Dungeon
  4102 | D:5      | Reached XP level 8. HP: 32/48 MP: 8/8
  4202 | D:5      | Reached skill level 5 in Fighting
  4666 | D:6      | Found a staircase to the Ecumenical Temple.
  4680 | Temple   | Entered the Ecumenical Temple
  4874 | D:6      | Found a shattered altar of Ashenzari.
  5103 | D:6      | Reached skill level 5 in Dodging
  5288 | D:6      | Reached * piety under the Shining One
  5402 | D:7      | Found a transporter.
  5407 | D:7      | Found a transporter.
  5440 | D:7      | Reached skill level 5 in Armour
  5816 | D:7      | Reached skill level 6 in Fighting
  5838 | D:7      | Found a hazy altar of Hepliaklqana.
  6045 | D:7      | Reached XP level 9. HP: 56/56 MP: 9/9
  6312 | D:7      | Reached skill level 7 in Fighting
  6598 | D:8      | Reached ** piety under the Shining One
  6601 | D:8      | Noticed a troll
  6608 | D:7      | Reached skill level 5 in Maces & Flails
  6671 | D:8      | Killed a troll
  7825 | D:9      | HP: 1/59 [yak (11)]
  7826 | D:9      | Slain by a yak

Skill      XL: |  1  2  3  4  5  6  7  8  9 |
---------------+----------------------------+-----
Armour         | 1 2 4 5 6 |  6.0
Dodging        | 3 4 5 6 |  6.9
Fighting       | 3 4 6 7 |  7.9
Maces & Flails | 1 2 3 4 5 |  5.5
Staves         | |  3.5
Throwing       | |  1.7

Action                   |  1- 3 |  4- 6 |  7- 9 || total
-------------------------+-------+-------+-------++-------
Melee: Quarterstaff      |   105 |   140 |   359 ||   604
  Use: Scroll            |     3 |     2 |     5 ||    10
       Potion            |       |       |     1 ||     1
  Eat: Bread ration      |     1 |     1 |     1 ||     3
       Royal jelly       |     1 |       |     2 ||     3
       Fruit             |       |       |     1 ||     1
       Meat ration       |       |       |     1 ||     1
Armor: Leather armour    |    54 |    62 |   155 ||   271
Dodge: Dodged            |    74 |   124 |   371 ||   569
